 Dungeon Crawl Stone Soup version 0.31-a0-620-gd1cbd99268 (webtiles) character file.

Game seed: 2286907741165428274

1327 thirtiethelement the Chopper (level 8, -7/60 HPs)
             Began as a Demonspawn Gladiator on Aug 23, 2023.
             Mangled by Edmund
             ... wielding a +3 flail of protection
              (9 damage)
             ... on level 6 of the Dungeon.
             The game lasted 00:11:41 (4272 turns).

thirtiethelement the Chopper (Demonspawn Gladiator) Turns: 4272, Time: 00:11:41

Health: -7/60      AC:  5    Str: 19    XL:     8   Next: 34%
Magic:  8/8        EV: 15    Int: 10    God:
Gold:   66         SH:  0    Dex: 14    Spells: 7/7 levels left

rFire   . . .        a - +0 war axe
rCold   . . .        (no shield)
rNeg    . . .        b - +0 leather armour
rPois   .            y - +0 helmet "Loriz" {-Tele Will+ Regen+ Str+2}
rElec   .            (no cloak)
rCorr   .            m - +0 pair of gloves
SInv    .            (no boots)
Will    +....        q - amulet of the acrobat
Stlth   ++           i - ring of wizardry
HPRegen 1.10/turn    (no ring)
MPRegen 0.11/turn

%: no teleportation, acrobat, wizardry (x1)
@: no status effects
A: repulsion field 1, demonic guardian 1, weakness stinger 1
a: no special abilities


You were on level 6 of the Dungeon.
You visited 1 branch of the dungeon, and saw 6 of its levels.

You collected 292 gold pieces.
You spent 226 gold pieces at shops.

Inventory:

Hand Weapons
 a - a +0 war axe (weapon)
 j - a +2 heavy hand axe
Missiles
 d - 3 throwing nets
 e - 5 javelins
 s - 12 poisoned darts
 t - 5 atropa-tipped darts
 x - 2 boomerangs (quivered)
Armour
 b - a +0 leather armour (worn)
 c - a +0 helmet
 m - a +0 pair of gloves (worn)
 y - the +0 helmet "Loriz" (worn) {-Tele Will+ Regen+ Str+2}
   (You took it off Robin on level 4 of the Dungeon)

   Str+2:     It affects your strength (+2).
   Will+:     It increases your willpower.
   -Tele:     It prevents most forms of teleportation.
   Regen+:    It increases your rate of health regeneration.
 B - a scarf of shadows
Jewellery
 f - an amulet of faith
 i - a ring of wizardry (left hand)
 q - an amulet of the acrobat (around neck)
Wands
 D - a wand of digging (4)
 E - a wand of iceblast (9)
Scrolls
 n - a scroll of butterflies
 o - a scroll of immolation {unknown}
 w - a scroll of revelation
 A - a scroll of teleportation {unknown}
 F - a scroll of poison {unknown}
Potions
 g - a potion of resistance {unknown}
 h - a potion of brilliance
 k - a potion of haste {unknown}
 l - 2 potions of might
 p - a potion of magic {unknown}
 r - a potion of attraction {unknown}
 u - a potion of invisibility {unknown}
 v - a potion of ambrosia {unknown}
 z - a potion of enlightenment {unknown}
 C - a potion of heal wounds {unknown}
 G - a potion of lignification {unknown}
 H - 2 potions of mutation {unknown}


   Skills:
 + Level 4.1 Fighting
 + Level 7.1 Axes
 + Level 3.8 Throwing
 + Level 2.6 Armour
 + Level 3.9 Dodging
 + Level 1.3 Stealth


You had 7 spell levels left.
You didn't know any spells.
Your spell library contained the following spells:

 Spells                   Type           Power      Damage    Failure   Level
 Stone Arrow              Conj/Erth      0%         3d7       45%         3
 Animate Armour           Summ/Erth      0%         N/A       85%         4
 Lehudib's Crystal Spear  Conj/Erth      0%         10d2      100%        8


Dungeon Overview and Level Annotations

Branches:
Dungeon (6/15)
 Temple: D:4-7

Altars:
Kikubaaqudgha

Shops:
D:1 *   D:5 !!*

Annotations:
D:6 Edmund


Innate Abilities, Weirdness & Mutations

You are surrounded by a mild repulsion field. (EV +2)
A weak demonic guardian rushes to your aid.
You have a small tail.


Message History

Edmund is severely wounded.
Edmund hits you with a +3 flail of protection! x2
You hit Edmund but do no damage.
Edmund is severely wounded.
Edmund says, "I'm quite good with sums, too."
Edmund hits you with a +3 flail of protection.
* * * LOW HITPOINT WARNING * * *
A demonic guardian appears!
Edmund attacks as he pursues you! Edmund misses you.
Your shadow imp barely misses Edmund.
Your shadow imp closely misses Edmund.
Edmund attacks as he pursues you! Edmund closely misses you.
You hit Edmund.
Your tail-slap misses Edmund.
Edmund is almost dead.
Edmund hits you with a +3 flail of protection!
* * * LOW HITPOINT WARNING * * *
Your shadow imp misses Edmund.
Edmund attacks as he pursues you!
Edmund hits you with a +3 flail of protection!
* * * LOW HITPOINT WARNING * * *
A demonic guardian appears!
Okay, then.
Okay, then.
Edmund attacks as he pursues you!
Edmund hits you with a +3 flail of protection.
* * * LOW HITPOINT WARNING * * *
You hit Edmund. You tail-slap Edmund, but do no damage.
Edmund is almost dead.
Edmund closely misses you.
Your white imp hits Edmund.
Your white imp freezes Edmund.
You hit Edmund but do no damage.
Edmund is almost dead.
Edmund hits you with a +3 flail of protection.
* * * LOW HITPOINT WARNING * * *
Your white imp hits Edmund but does no damage.
You closely miss Edmund.
Edmund is almost dead.
Edmund hits you with a +3 flail of protection!
You die...
Edmund says, "I'd like to see a scythe do that!"

##..............##.. ..#
#...................
.....##..#...#.......##.#
.............#..####.##.#
#.##.###.#...#..# #.#..# #
#5#...#..####....#
#5#...............
#@#............... .##
###@#......####....#
.......................#
.....##.#......#####...#
....##..##................# .....
#..##.#..............#
.#...##............#####.#.# ..
..................#####.#.#
....#.#..#....##.#..#........<..#
.#..#.#..#....##.#..#.#.#####.#.#


You could see Edmund (ally target), a friendly white imp (summoned) and a
friendly shadow imp (summoned).

Vanquished Creatures
  3 ice beasts
  2 ogres (D:5)
  2 centaurs
  2 phantoms (D:5)
  2 scorpions (D:5)
  A hound (D:5)
  2 sleepcaps
  Robin (D:4)
  9 gnolls (D:5)
  8 adders
  An ufetubus (D:5)
  3 worms
  5 orcs
  7 endoplasms
  4 giant cockroaches
  19 goblins
  10 hobgoblins
  3 ball pythons
  4 bats
  7 frilled lizards
  5 kobolds
  9 rats
109 creatures vanquished.

Vanquished Creatures (collateral kills)
  A hound (D:4)
  A gnoll bouda (D:5)
  An iguana (D:5)
  2 gnolls (D:5)
5 creatures vanquished.

Grand Total: 114 creatures vanquished

Notes
Turn   | Place    | Note
-------+----------+-------------------------------------------
     0 | D:1      | thirtiethelement the Demonspawn Gladiator began the quest
                  | for the Orb.
     0 | D:1      | Reached XP level 1. HP: 16/16 MP: 1/1
   179 | D:1      | Gained mutation: A weak demonic guardian rushes to your
                  | aid. [demonic ancestry]
   179 | D:1      | Reached XP level 2. HP: 17/22 MP: 2/2
   267 | D:1      | Reached skill level 3 in Axes
   367 | D:1      | Found Gedeefim's General Store.
   392 | D:1      | Bought a potion of brilliance for 40 gold pieces
   560 | D:1      | Reached XP level 3. HP: 26/27 MP: 3/3
  1834 | D:3      | Reached skill level 1 in Armour
  1834 | D:3      | Reached XP level 4. HP: 30/33 MP: 4/4
  2057 | D:3      | Noticed an ice beast
  2082 | D:3      | Killed an ice beast
  2083 | D:3      | Reached skill level 4 in Axes
  2083 | D:3      | Reached XP level 5. HP: 39/39 MP: 5/5
  2244 | D:3      | Found a faded altar of an unknown god.
  2249 | D:3      | Found an ancient bone altar of Kikubaaqudgha.
  2679 | D:4      | Identified the +0 helmet "Loriz" {-Tele Will+ Regen+ Str+2}
  2679 | D:4      | Noticed Robin
  2724 | D:4      | Killed Robin
  2890 | D:4      | Gained mutation: You are surrounded by a mild repulsion
                  | field. (EV +2) [demonic ancestry]
  2890 | D:4      | Reached XP level 6. HP: 41/47 MP: 6/6
  3267 | D:5      | Entered Level 5 of the Dungeon
  3267 | D:5      | Found Lasoed's Assorted Antiques.
  3284 | D:5      | Reached skill level 5 in Axes
  3290 | D:5      | Bought a shiny glass wand for 116 gold pieces
  3290 | D:5      | Bought a scroll labelled NOAN JOXUUNO for 29 gold pieces
  3290 | D:5      | Bought a black potion for 26 gold pieces
  3353 | D:5      | Found Fischat's Distillery.
  3408 | D:5      | Found Widunoew's Distillery.
  3418 | D:5      | Gained mutation: You have a small tail. [demonic ancestry]
  3418 | D:5      | Reached XP level 7. HP: 49/52 MP: 7/7
  3467 | D:5      | Reached skill level 6 in Axes
  3467 | D:5      | Reached skill level 1 in Stealth
  3825 | D:5      | Reached XP level 8. HP: 60/60 MP: 8/8
  3991 | D:5      | Bought a potion of degeneration for 15 gold pieces
  4022 | D:6      | Reached skill level 7 in Axes
  4241 | D:6      | Noticed Edmund
  4268 | D:6      | HP: 2/60 [Edmund/+3 flail of protection (10)]
  4272 | D:6      | Mangled by Edmund

Illustrated notes

Levels and vault maps discovered:
D:1:      lightli_arrival_chessboard, layout_loops_cross, serial_shops,
          nicolae_shop_trees
D:2:      layout_basic, serial_forest, infiniplex_forest_clump_curved,
          infiniplex_forest_clump_small, infiniplex_forest_lined_room_,
          infiniplex_forest_zigzag_1, infiniplex_forest_straight_2,
          infiniplex_forest_clump_curved, infiniplex_forest_lined_corner,
          minmay_misc_feat_square
D:3:      layout_basic, nicolae_overflow_ecumenical_swirl
D:4:      layout_basic, feat_on_display, uniq_robin
D:5:      layout_loops_cross, zin_academy, serial_shops,
          nicolae_shop_gibbet_a_chance, nicolae_square_shop, nicolae_shop_stone
D:6:      layout_basic, lemuel_doored_altar, temple_green, uniq_edmund,
          uniq_duvessa

Skill      XL: |  1  2  3  4  5  6  7  8 |
---------------+-------------------------+-----
Dodging        | 3 |  3.9
Axes           | 3 4 5 6 7 |  7.1
Armour         | 1 2 |  2.6
Throwing       | 2 3 |  3.8
Fighting       | 3 4 |  4.1
Stealth        | 1 |  1.3

Action                     |  1- 3 |  4- 6 |  7- 9 || total
---------------------------+-------+-------+-------++-------
  Melee: War axe           |    95 |   133 |   113 ||   341
         Punch             |     2 |     1 |     2 ||     5
         Hand axe          |    20 |       |       ||    20
         Tailslap          |       |       |    21 ||    21
  Throw: Dart              |       |     3 |       ||     3
         Javelin           |       |     1 |       ||     1
         Boomerang         |       |    18 |    30 ||    48
    Use: Scroll            |       |     3 |       ||     3
   Stab: Sleeping          |     2 |       |     2 ||     4
 Armour: Leather armour    |    32 |    41 |    29 ||   102
  Dodge: Dodged            |    60 |    98 |    87 ||   245

Table legend: (Time is in decaauts)
 A = Elapsed time spent in this place.
 B = Non-inter-level travel time spent in this place.
 C = Inter-level travel time spent in this place.
 D = Time resting spent in this place.
 E = Time spent auto-exploring this place.
 F = Levels seen in this place.
 G = Mean time per level.
                   A        B        C        D        E       F      G
               +--------+--------+--------+--------+--------+-----+--------+
         Total |   4381 |   4249 |    132 |      0 |   3211 |   6 |  730.2 |
       Dungeon |   4381 |   4249 |    132 |      0 |   3211 |   6 |  730.2 |
               +--------+--------+--------+--------+--------+-----+--------+

Top non-repeatable levels by time:
     D:2: 907 daAuts
     D:1: 874 daAuts
     D:3: 856 daAuts
     D:5: 760 daAuts
     D:4: 707 daAuts
     D:6: 274 daAuts
